 Dungeon Crawl Stone Soup version 0.32-a0-422-g28b100f618 (webtiles) character file.

Game seed: 18244269906284177336

197 Alarak the Trooper (level 5, -2/48 HPs)
             Began as an Armataur Berserker on Feb 22, 2024.
             Was a Believer of Trog.
             Slain by an orc
             ... wielding a +0 hand axe
              (5 damage)
             ... on level 3 of the Dungeon.
             The game lasted 00:04:32 (2201 turns).

Alarak the Trooper (Armataur Berserker)             Turns: 2201, Time: 00:04:33

Health: -2/48      AC: 10    Str: 25    XL:     5   Next: 46%
Magic:  5/5        EV:  8    Int: 13    God:    Trog [**....]
Gold:   107        SH:  0    Dex:  9    Spells: 4/4 levels left

rFire   . . .        o - +0 flail
rCold   . . .        (no shield)
rNeg    . . .        f - +0 scale mail
rPois   .            (no helmet)
rElec   .            i - +1 cloak
rCorr   .            g - +0 pair of gloves
SInv    .            (no barding)
Will    .....        (no amulet) Stlth
                     k - +6 ring of intelligence
HPRegen 0.28/turn    (no ring)
MPRegen 0.09/turn

%: roll
@: confused, on berserk cooldown, slowed, very slow
A: large, deformed body, tough skin 3, armoured tail, roll 1
a: Renounce Religion, Berserk, Trog's Hand


You were on level 3 of the Dungeon.
You worshipped Trog.
Trog was pleased with you.
You visited 1 branch of the dungeon, and saw 3 of its levels.

You collected 107 gold pieces.

Inventory:

Hand Weapons
 a - a +0 mace
 o - a +0 flail (weapon)
Armour
 b - a +0 animal skin
 f - a +0 scale mail (worn)
 g - a +0 pair of gloves (worn)
 i - a +1 cloak (worn)
Jewellery
 k - a +6 ring of intelligence (left hand)
 s - a ring of resist corrosion
Wands
 q - a wand of charming (11)
Scrolls
 c - a scroll of butterflies {unknown}
 d - a scroll of fear {unknown}
 e - a scroll of revelation {unknown}
 h - 2 scrolls of amnesia {unknown}
 j - 2 scrolls of identify {unknown}
 l - 3 scrolls of brand weapon {unknown}
 m - a scroll of enchant armour {unknown}
 n - 2 scrolls of fog {unknown}
 p - a scroll of immolation {unknown}
 r - a scroll of poison {unknown}
Potions
 t - a potion of magic {unknown}
 u - a potion of attraction {unknown}


   Skills:
 - Level 5.0 Fighting
 - Level 2.6 Maces & Flails
 + Level 4.2 Armour
 - Level 1.3 Dodging


You had 4 spell levels left.
You didn't know any spells.
Your spell library was empty.

Dungeon Overview and Level Annotations

Branches:
Dungeon (3/15)

Altars:
Beogh


Innate Abilities, Weirdness & Mutations

Armour fits poorly on your strangely shaped body.
You have extremely tough skin. (AC +3)
You have a long armoured tail.
You regenerate magic when rolling toward enemies. (Rampage MPRegen)


Message History

The orc priest closely misses you. Something hits you but does no damage.
The orc hits you but does no damage.
You hit the orc but do no damage.
The orc is moderately wounded.
The orc priest barely misses you. Something hits you but does no damage.
The orc hits you but does no damage.
The orc priest hits you with a +0 hand axe.
Something hits you but does no damage. The orc hits you but does no damage.
You hit the orc.
The orc is almost dead.
The orc priest hits you but does no damage.
You hear some strange, mumbled words.
You are confused.
The orc hits you but does no damage. Something hits you but does no damage.
The orc priest invokes the aid of Beogh against you.
Beogh smites you!
You bump into the rock wall.
The orc hits you with a +0 hand axe.
The orc priest hits you but does no damage.
You hear some strange, mumbled words.
A puff of flame appears from out of thin air!
The puff of flame hits you!
* * * LOW HITPOINT WARNING * * *
The orc hits you with a +0 hand axe.
* * * LOW HITPOINT WARNING * * *
Something hits you but does no damage. The orc priest closely misses you.
You miss the orc priest.
Your tail-slap misses the orc priest.
The orc hits you but does no damage.
The orc priest looks encouraged for a moment.
You hear some strange, mumbled words.
Something tries to affect you, but you resist.
The orc hits you with a +0 hand axe.
* * * LOW HITPOINT WARNING * * *
You hit the orc but do no damage.
The orc is almost dead.
The orc priest hits you with a +0 hand axe.
* * * LOW HITPOINT WARNING * * *
Something hits you.
* * * LOW HITPOINT WARNING * * *
The orc hits you with a +0 hand axe.
You die...

..# #...#.....#####...###.##
..# #..##.(#...............#
.#
#.##..######...#####..######
(....# ##..### ##..[....
##.### #....###..#.####
##.#............
##########.........)<..##
............#........#...
########@o..#........####
##$.$ #.{o##.#..[.....# #
#$ß.ß.#......#........# #
#_.$..)...........###.###
#$ß$ß.#.....####### #...#
##$..##.....# ###.# ####
......# #.## #..##### #..#
##.# ##..


You could see an orc priest and an orc.

Vanquished Creatures
  An orc wizard (D:3)
  Terence (D:2)
  3 adders (D:3)
  3 dart slugs
  An orc (D:3)
  7 ball pythons
  5 bats
  11 endoplasms
  4 giant cockroaches
  8 goblins
  5 hobgoblins
  5 kobolds
  3 quokkas (D:1)
  3 frilled lizards
  5 rats
65 creatures vanquished.

Notes
Turn   | Place    | Note
-------+----------+-------------------------------------------
     0 | D:1      | Alarak the Armataur Berserker began the quest for the Orb.
     0 | D:1      | Reached XP level 1. HP: 18/18 MP: 1/1
    30 | D:1      | Reached skill level 3 in Fighting
    40 | D:1      | Reached XP level 2. HP: 22/26 MP: 2/2
   247 | D:1      | Found a faded altar of an unknown god.
   256 | D:1      | Reached XP level 3. HP: 23/33 MP: 3/3
   374 | D:1      | Reached skill level 4 in Fighting
  1238 | D:2      | Reached ** piety under Trog
  1241 | D:2      | Reached XP level 4. HP: 41/41 MP: 4/4
  1376 | D:2      | Noticed Terence
  1385 | D:2      | Killed Terence
  1809 | D:3      | Reached skill level 5 in Fighting
  1908 | D:3      | Reached XP level 5. HP: 48/48 MP: 5/5
  2175 | D:3      | Found a roughly hewn altar of Beogh.
  2201 | D:3      | Slain by an orc

Illustrated notes

Levels and vault maps discovered:
D:1:      onia_arrival_handbag, layout_basic, hellmonk_ecumenical_altar_run_dry
D:2:      layout_rooms, chequers_arboretum, uniq_terence
D:3:      layout_rooms, kennysheep_orc_chapel

Skill      XL: |  1  2  3  4  5 |
---------------+----------------+-----
Fighting       | 3 4 5 |  5.0
Armour         | 3 4 |  4.2
Maces & Flails | |  2.6
Dodging        | |  1.3

Action                     |  1- 3 |  4- 6 || total
---------------------------+-------+-------++-------
  Melee: Mace              |    89 |    34 ||   123
         Tailslap          |     7 |    13 ||    20
         Flail             |       |    55 ||    55
 Invoke: Berserk           |     1 |     2 ||     3
   Stab: Distracted        |     1 |       ||     1
         Sleeping          |     2 |       ||     2
 Armour: Animal skin       |    46 |       ||    46
         Scale mail        |    11 |   110 ||   121
  Dodge: Dodged            |    48 |    54 ||   102

Table legend: (Time is in decaauts)
 A = Elapsed time spent in this place.
 B = Non-inter-level travel time spent in this place.
 C = Inter-level travel time spent in this place.
 D = Time resting spent in this place.
 E = Time spent auto-exploring this place.
 F = Levels seen in this place.
 G = Mean time per level.
                   A        B        C        D        E       F      G
               +--------+--------+--------+--------+--------+-----+--------+
         Total |   2272 |   2155 |    117 |     37 |   1699 |   3 |  757.3 |
       Dungeon |   2272 |   2155 |    117 |     37 |   1699 |   3 |  757.3 |
               +--------+--------+--------+--------+--------+-----+--------+

Top non-repeatable levels by time:
     D:1: 1249 daAuts
     D:2: 579 daAuts
     D:3: 442 daAuts
